 Dungeon Crawl Stone Soup version 0.27.1-2-g3b301248ec (webtiles) character file.

Game seed: 10082020384231537545

542 Urokeeper the Covert (level 7, -6/45 HPs)
             Began as an Octopode Brigand on Sept 24, 2021.
             Killed from afar by Pikel (12 damage)
             ... with an iceblast
             ... on level 5 of the Dungeon.
             The game lasted 00:20:01 (3938 turns).

Urokeeper the Covert (Octopode Brigand)             Turns: 3938, Time: 00:20:02

Health: -6/45      AC:  1    Str: 11    XL:     7   Next: 27%
Magic:  7/7        EV: 13    Int: 13    God:
Gold:   165        SH:  0    Dex: 15    Spells: 6/6 levels left

rFire    . . .     SeeInvis .   r - +2 dagger (venom)
rCold    . . .     Faith    .   (no shield)
rNeg     . . .     Spirit   .   (helmet restricted)
rPois    +         Reflect  .   (no amulet)
rElec    .         Harm     .   g - ring of poison resistance
rCorr    .         Rampage  .   (no ring)
Will     .....                  (no ring)
Stlth    +++++.....             (no ring)
HPRegen  0.15/turn              (no ring)
MPRegen  0.10/turn              (no ring)
                                (no ring)
                                (no ring)

@: no status effects
A: almost no armour, amphibious, 8 rings, camouflage 1, gelatinous body 1,
(nimble swimmer 1), tentacles
a: no special abilities


You were on level 5 of the Dungeon.
You visited 2 branches of the dungeon, and saw 6 of its levels.

You collected 165 gold pieces.

Inventory:

Hand Weapons
 a - a +2 dagger
 c - a +3 quarterstaff of chaos
 d - a +0 short sword
 m - a +1 mace of draining
 o - a +2 mace of protection
 r - a +2 dagger of venom (weapon)
 z - a +1 dagger of speed
Missiles
 b - 20 poisoned darts (quivered)
 v - a throwing net
Magical Staves
 y - a staff of cold
Jewellery
 g - a ring of poison resistance (left tentacle)
Scrolls
 e - a scroll of noise {unknown}
 h - a scroll of enchant armour
 j - a scroll of immolation
 l - a scroll of torment
 p - 2 scrolls of teleportation
 t - 2 scrolls of enchant weapon {unknown}
 w - a scroll of fog {unknown}
 x - 2 scrolls of magic mapping {unknown}
Potions
 f - a potion of cancellation {unknown}
 i - 3 potions of curing {unknown}
 k - 3 potions of heal wounds {unknown}
 n - a potion of mutation {unknown}
 q - a potion of degeneration {unknown}
 u - a potion of invisibility {unknown}
 A - a potion of flight {unknown}
 B - 2 potions of haste {unknown}
 C - a potion of experience {unknown}


   Skills:
 + Level 2.9 Fighting
 + Level 4.3 Short Blades
 + Level 3.5 Throwing
 + Level 1.9 Dodging
 + Level 8.6 Stealth


You had 6 spell levels left.
You didn't know any spells.
Your spell library contained the following spells:

 Spells                   Type           Power      Damage    Failure   Level
 Stone Arrow              Conj/Erth      0%         3d7       67%         3
 Lehudib's Crystal Spear  Conj/Erth      0%         10d2      100%        8
 Animate Armour           Summ/Erth      Unusable   N/A       N/A         4

Dungeon Overview and Level Annotations

Branches:
Dungeon (5/15)             Temple (1/1) D:5

Altars:
Ashenzari
Cheibriados
Elyvilon
Fedhas
Gozag
Hepliaklqana
Kikubaaqudgha
Makhleb
Nemelex Xobeh
Okawaru
Qazlal
Ru
Sif Muna
Trog
Uskayaw
Vehumet
Wu Jian
Yredelemnul
Zin
The Shining One

Shops:
D:4 *

Annotations:
D:5 Pikel


Innate Abilities, Weirdness & Mutations

You cannot wear most types of armour.
You are amphibious.
You can wear up to eight rings at the same time.
Your skin changes colour to match your surroundings (Stealth+).
Your rubbery body absorbs attacks. (AC +1, EV +1)
((You are camouflaged near water. (Stealth+)))
You have tentacles for arms and can constrict up to eight enemies at once.


Message History

You see here a poisoned dart.
You see here 2 poisoned darts.
You closely miss the lemure. You grab the lemure. You constrict the lemure.
The lemure hits you.
You release your grip on the lemure.
You see here a poisoned dart.
You see here 2 poisoned darts.
You see here a poisoned dart.
You hit Pikel.
Pikel is poisoned.
You grab Pikel.
Pikel is lightly wounded.
You constrict Pikel.
Pikel hits you with a +0 whip of freezing!
Pikel freezes you.
* * * LOW HITPOINT WARNING * * *
You release your grip on Pikel.
Pikel says, "I touched Geryon's horn once."
You see here a poisoned dart.
Throw: 2 darts (curare)
Press: ? - help, Q - select action, (/) - cycle Shift-Dir - straight line, f - Pikel
Aim: Pikel, wielding a +0 whip of freezing, wearing a +0 robe and carrying a wand of iceblast (8) (lightly wounded, very poisoned, 53% to hit)
You throw a curare-tipped dart.
The curare-tipped dart closely misses Pikel.
The curare-tipped dart closely misses the lemure.
The curare-tipped dart hits the lemure.
The lemure is poisoned.
The lemure convulses.
The lemure seems to slow down.
The lemure is lightly wounded.
Pikel hits you with a +0 whip of freezing.
* * * LOW HITPOINT WARNING * * *
Pikel freezes you.
* * * LOW HITPOINT WARNING * * *
Throw: dart (curare)
Press: ? - help, Q - select action, (/) - cycle Shift-Dir - straight line, f/p - Pikel
Aim: Pikel, wielding a +0 whip of freezing, wearing a +0 robe and carrying a wand of iceblast (8) (lightly wounded, very poisoned, 53% to hit)
You throw a curare-tipped dart. The curare-tipped dart hits Pikel.
Pikel looks as sick as possible!
Pikel convulses.
Pikel seems to slow down.
Pikel is moderately wounded.
Pikel cracks his whip.
Pikel zaps a wand.
The mass of ice explodes!
The iceblast engulfs you!
You die...

#..# ...# #.......... #...
#... ...# #......... #>...
#..# #..# #...#...## #....
#[.# #..# ......#.#..
#.....#5.# #..# ##..#..#....
#.....#5.# #..# #....##....#
#...<...# #..# .......>...
...##.#.#####.<# ....#..(.##
.......555K(@†.#####.#....#..
........######.......#..#.#..
######### ########..##...#.
.................
##.######.#...... #.##.....
#........ .....###...
...#.......


You could see Pikel (extremely poisoned, slow) and 3 lemures.

Vanquished Creatures
  A necrophage (D:4)
  A wyvern skeleton (D:4)
  A hound (D:5)
  A bullfrog skeleton (D:5)
  2 orc priests (D:3)
  Crazy Yiuf (D:2)
  Jessica (D:2)
  2 iguanas
  An orc wizard (D:4)
  A hound skeleton (D:5)
  Robin (D:2)
  4 adders
  An ufetubus (D:5)
  2 worms
  2 dart slugs
  7 orcs
  6 ball pythons
  8 endoplasms
  A giant cockroach (D:3)
  16 goblins
  5 hobgoblins
  9 kobolds
  3 quokkas
  3 bats
  A frilled lizard (D:2)
  2 rats (D:1)
83 creatures vanquished.

Vanquished Creatures (others)
  13 plants (D:3)
13 creatures vanquished.

Grand Total: 96 creatures vanquished

Notes
Turn   | Place    | Note
-------+----------+-------------------------------------------
     0 | D:1      | Urokeeper the Octopode Brigand began the quest for the Orb.
     0 | D:1      | Reached XP level 1. HP: 14/14 MP: 1/1
   166 | D:1      | Reached XP level 2. HP: 19/19 MP: 2/2
   230 | D:1      | Found a faded altar of an unknown god.
   313 | D:1      | Reached skill level 6 in Stealth
   609 | D:2      | Reached XP level 3. HP: 24/24 MP: 3/3
   683 | D:2      | Found a runed translucent door.
   684 | D:2      | Noticed Crazy Yiuf
   692 | D:2      | Killed Crazy Yiuf
   693 | D:2      | Reached XP level 4. HP: 16/29 MP: 4/4
   867 | D:2      | Noticed Robin
   883 | D:2      | Reached skill level 7 in Stealth
  1046 | D:2      | Killed Robin
  1490 | D:2      | Found a radiant altar of Vehumet.
  1757 | D:2      | Noticed Jessica
  1758 | D:2      | Killed Jessica
  1759 | D:2      | Reached XP level 5. HP: 34/34 MP: 5/5
  1864 | D:3      | Found a bloodstained altar of Trog.
  1896 | D:3      | Found an iron altar of Okawaru.
  2574 | D:3      | Reached XP level 6. HP: 39/41 MP: 6/6
  2644 | D:4      | Noticed a necrophage
  2655 | D:4      | Killed a necrophage
  2656 | D:4      | Reached skill level 8 in Stealth
  2888 | D:4      | Found Unoqeamoi's Overcharged Wands.
  3023 | D:4      | Found a stormy altar of Qazlal.
  3023 | D:4      | Found a broken altar of Ashenzari.
  3023 | D:4      | Found a shimmering blue altar of Sif Muna.
  3677 | D:5      | Entered Level 5 of the Dungeon
  3727 | D:5      | Reached XP level 7. HP: 45/45 MP: 7/7
  3736 | D:5      | Found a staircase to the Ecumenical Temple.
  3833 | Temple   | Entered the Ecumenical Temple
  3926 | D:5      | Noticed Pikel
  3938 | D:5      | Killed from afar by Pikel

Illustrated notes

Levels and vault maps discovered:
D:1:      wander_arrival_chamber, layout_rooms,
          hellmonk_ecumenical_altar_crossroads
D:2:      layout_rooms, basic_altar, roderic_lattice_a, uniq_robin,
          uniq_crazy_yiuf_cottage, uniq_jessica
D:3:      layout_basic, mainiacjoe_overflow_brackets, okawaru_metal_pillars_3,
          serial_bayou_lagoon_a, minmay_bisected
D:4:      layout_basic, gammafunk_temple_overflow_claw, fountainhead,
          eino_small_chamber_without_monster, nicolae_shop_overcharged_wands
D:5:      layout_basic, led_xom_imps, minmay_temple_entry_mini_moons,
          uniq_pikel, uniq_prince_ribbit1
Temple:   minmay_freezing_vapour_temple

Skill      XL: |  1  2  3  4  5  6 |
---------------+-------------------+-----
Stealth        | 6 7 8 |  8.6
Short Blades   | 3 4 |  4.3
Throwing       | 3 |  3.5
Fighting       | |  2.9
Dodging        | |  1.9

Action                   |  1- 3 |  4- 6 |  7- 9 || total
-------------------------+-------+-------+-------++-------
Melee: Dagger            |    30 |   109 |    18 ||   157
       Tentacles         |     3 |    20 |     5 ||    28
       Constrict         |     4 |    23 |     6 ||    33
Throw: Dart              |     5 |    22 |    13 ||    40
  Use: Scroll            |       |     4 |       ||     4
 Stab: Sleeping          |     9 |    12 |     1 ||    22
Armor: Skin              |     1 |     5 |     1 ||     7
Dodge: Dodged            |    13 |    39 |    10 ||    62
